Unix NetHack Version 3.7.0-64 Work-in-progress - last build Sep 20 2022 23:52:18 (2efdc47de06bbc12dbc956ebf73d51181633095d,branch:master). Game began 2022-09-22 16:22:16, ended 2022-09-22 16:29:06. adinthrae, lawful female human Valkyrie ---- --- --- |..---------------.---- --.-- |.....................| --...------------- |^------.....-----..|.-- |................-------------- |.| |.......| -.-|..| |.--------------........).....-- -- |.| |......-- |..||-.-- |.| ---------........---.--- |.| ----...| |.--|...| --.| ---..---|......-....|..... |^| --..| -- --.-- |..| |......--)....h....(*.- |.| |[.-- |.| |.-- |....@...............-- |)| |...| |.| |.|-- --<...Br.....*......-- |%-- -----...| |.| --.|.-- ---*.....----......| |..---.--....| -----|.| --.....| ---- ----...| --.....- |...........-- |...-|.|--.....-- |..--------...-- --.....- |...........| --....|.|.......| --...--.--......-- --...... |...........----....-|.|.....--- |.........^......| ----..... |..................--|.|....-- -...............------ -.....- -->.................||......| |........|.|.....--.|.-- ......| |.....--..........--|.....-- --.....--------........| .....| ----------....|.--- |...+.| |..---- --.......| ....-- --..---- ---.--- ---- ---.--.-- .--- ---- --- ------ -- Adinthrae the Skirmisher St:16 Dx:13 Co:15 In:11 Wi:13 Ch:8 Lawful S:758 Dlvl:3 $:20 HP:0(37) Pw:6(5) AC:6 Xp:4/157 T:1343 Latest messages: You hit the gnome lord. The gnome lord swings his crossbow. The gnome lord hits! You hit the gnome lord! The gnome lord swings his crossbow. The gnome lord hits! You kill the gnome lord! The large kobold misses! You hit the large kobold! The large kobold misses! You kill the large kobold! There is a gnome lord corpse here; eat it? [ynq] (n) Blecch! Rotten food! You feel rather light headed. You finish eating the gnome lord corpse. You feel less confused now. Where do you want to travel to? (For instructions type a '?') The gecko bites! You miss the gecko. The gecko bites! You hit the gecko. The gecko bites! You kill the gecko! You stop waiting. You see here a crossbow bolt. The hobgoblin picks up a crossbow. You miss the hobgoblin. The hobgoblin hits! You hit the hobgoblin! The hobgoblin turns to flee. The hobgoblin picks up 4 crossbow bolts. You kill the hobgoblin! t - an orcish helm. Where do you want to travel to? (For instructions type a '?') The hobgoblin wields a single-edged polearm! The hobgoblin wields a dagger! You kill the hobgoblin! Where do you want to travel to? (For instructions type a '?') You hit the giant bat. The giant bat bites! The giant bat bites! The giant bat bites! The giant bat bites! The giant bat bites! The giant bat bites! You die... Do you want your possessions identified? [ynq] (y) Inventory: Coins $ - 20 gold pieces Weapons i - 10 +0 arrows b - a +0 dagger (alternate weapon; not wielded) a - a blessed +1 spear (weapon in hand) Armor t - an uncursed +0 orcish helm q - an uncursed +0 pair of iron shoes c - an uncursed +3 small shield (being worn) r - an uncursed +0 dwarvish cloak Comestibles d - an uncursed food ration g - a cursed fortune cookie Scrolls h - an uncursed scroll of confuse monster m - an uncursed scroll of destroy armor k - an uncursed scroll of gold detection n - an uncursed scroll of scare monster Potions j - an uncursed potion of healing f - a blessed potion of object detection o - an uncursed potion of oil Rings s - an uncursed ring of poison resistance Wands l - a cursed wand of digging (0:5) Tools e - an uncursed oil lamp Adinthrae the Valkyrie's attributes: Background: You were a Skirmisher, a level 4 human Valkyrie. You were lawful, on a mission for Tyr who was opposed by Odin (neutral) and Loki (chaotic). You were in the Gnomish Mines, on level 3. You entered the dungeon 1343 turns ago. You had 157 experience points, 3 more were needed to attain level 5. Your score was 758 before end-of-game adjustments. Basics: You had 0 out of 37 hit points. You had 6 out of 5 energy points (spell power). Your armor class was 6. Your wallet contained 20 zorkmids. Autopickup was off. Final Characteristics: Your strength was 16 (limit:18/100). Your dexterity was 13 (limit:18). Your constitution was 15 (limit:18). Your intelligence was 11 (limit:18). Your wisdom was 13 (limit:18). Your charisma was 8 (limit:18). Final Status: You were not hungry. You were unencumbered. You were wielding a spear. You had basic skill with spear. Final Attributes: You were devoutly aligned. You were cold resistant. You were stealthy. You are dead. Miscellaneous: You never encountered a bones level. Total elapsed playing time was 6 minutes and 49 seconds. Major events: Turn 1: adinthrae the lawful human Valkyrie entered the dungeon 894: entered the Gnomish Mines 895: attained the rank of Skirmisher (level 3) 1343: killed by a giant bat Vanquished creatures: 3 gnome leaders a little dog a dwarf a hobbit a large kobold 2 hobgoblins a yellow mold 7 gnomes a gecko 2 jackals 2 kobolds a goblin 6 grid bugs 2 lichens 2 newts 33 creatures vanquished. No species were genocided or became extinct. Voluntary challenges: You read items or engraved 1 time. You never engraved Elbereth. You never genocided any monsters. You never polymorphed an object. You never changed form. You used no wishes. Achievements: You entered the Gnomish Mines. You attained the rank of Skirmisher. The Dungeons of Doom: levels 1 to 2 Level 1: A fountain. Level 2: Stairs down to The Gnomish Mines. The Gnomish Mines: Level 3: <- You were here. Final resting place for you, killed by a giant bat. Game over: ---------- / \ / REST \ / IN \ / PEACE \ / \ | adinthrae | | 20 Au | | killed by a | | giant bat | | | | | | 2022 | *| * * * | * _________)/\\_//(\/(/\)/\//\/|_)_______ Farvel adinthrae the Valkyrie... You died in The Gnomish Mines on dungeon level 3 with 756 points, and 20 pieces of gold, after 1343 moves. You were level 4 with a maximum of 37 hit points when you died.